 Dungeon Crawl Stone Soup version 0.28.0-53-g5a82cb258f (webtiles) character file.

Game seed: 13137630840557220621

859 Peloso the Slasher (level 7, -2/54 (61) HPs)
             Began as a Minotaur Fighter on June 6, 2022.
             Slain by a wight
             ... wielding a +4 halberd
              (12 damage)
             ... on level 6 of the Dungeon.
             The game lasted 00:06:36 (4364 turns).

Peloso the Slasher (Minotaur Fighter)               Turns: 4364, Time: 00:06:36

HP:   -2/54 (61)    AC: 11    Str: 21    XL:     7   Next: 71%
MP:   6/6           EV:  8    Int:  5    God:
Gold: 379           SH:  5    Dex: 15    Spells: 6/6 levels left

rFire   . . .      SeeInvis .   a - +0 long sword
rCold   . . .      Faith    .   c - +0 buckler
rNeg    . . .      Spirit   .   t - +1 chain mail
rPois   .          Reflect  .   (helmet restricted)
rElec   .          Harm     .   (no cloak)
rCorr   +          Rampage  .   (no gloves)
Will    .....                   (no boots)
Stlth   ..........              (no amulet)
HPRegen 0.18/turn               q - ring of Wuhor {Fly rCorr Dex+4}
MPRegen 0.10/turn               (no ring)

@: flying, studying Bows, heavily drained
A: horns 2, retaliatory headbutt
a: no special abilities


You were on level 6 of the Dungeon.
You visited 1 branch of the dungeon, and saw 6 of its levels.

You collected 379 gold pieces.

Inventory:

Hand Weapons
 a - a +0 long sword (weapon)
Armour
 b - a +0 scale mail
 c - a +0 buckler (worn)
 t - a +1 chain mail (worn)
Jewellery
 i - a ring of fire
 q - the ring of Wuhor (left hand) {Fly rCorr Dex+4}
   (You found it on level 3 of the Dungeon)

   [ring of flight]

   Dex:       It affects your dexterity (+4).
   Fly:       It grants you flight.
   rCorr:     It protects you from acid and corrosion.
Wands
 v - a wand of polymorph (3)
Scrolls
 f - 3 scrolls of teleportation
 g - a scroll of fear {unknown}
 h - a scroll of silence {unknown}
 j - 3 scrolls of magic mapping
 k - 4 scrolls of identify {unknown}
 m - a scroll of amnesia {unknown}
 o - 2 scrolls of enchant armour
 p - a scroll of fog {unknown}
 s - a scroll of acquirement {unknown}
 u - a scroll of holy word {unknown}
Potions
 d - a potion of might
 e - 3 potions of mutation {unknown}
 l - 2 potions of flight {unknown}
 n - a potion of attraction {unknown}
 r - a potion of curing {unknown}


   Skills:
 + Level 5.1 Fighting
 + Level 7.1 Long Blades
 + Level 6.3 Armour
 + Level 1.5 Dodging
 + Level 0.3 Stealth
 + Level 5.5 Shields


You had 6 spell levels left.
You didn't know any spells.
Your spell library contained the following spells:

 Spells                   Type           Power      Damage    Failure   Level
 Magic Dart               Conj           0%         1d3       99%         1
 Call Imp                 Summ           0%         N/A       100%        2
 Corpse Rot               Necr/Air       0%         N/A       100%        2
 Poisonous Vapours        Pois/Air       0%         N/A       100%        2
 Sublimation of Blood     Necr           0%         N/A       100%        2
 Wereblood                Tmut           0%         N/A       100%        2
 Confusing Touch          Hex            0%         N/A       100%        3
 Mephitic Cloud           Conj/Pois/Air  0%         N/A       100%        3
 Yara's Violent Unravell  Hex/Tmut       0%         3d3       100%        5
 Enfeeble                 Hex            0%         N/A       100%        7
 Summon Hydra             Summ           0%         N/A       100%        7


Dungeon Overview and Level Annotations

Branches:
Dungeon (6/15)
 Temple: D:4-7

Altars:
Kikubaaqudgha
Sif Muna
Xom
The Shining One

Shops:
D:4 ?(   D:5 [

Annotations:
D:2 1 runed translucent door, Crazy Yiuf


Innate Abilities, Weirdness & Mutations

You have a pair of horns on your head.
You reflexively headbutt those who attack you in melee.


Message History

You feel drained. You block the wight's attack.
Unknown command.
The wight hits you with a +2 scimitar! The wight barely misses you.
You block the wight's attack.
Things that are here:
a +0 scimitar; a +0 robe You slash the orc!
You kill the orc!
You hit the wight but do no damage. Your headbutt misses the wight.
The wight is almost destroyed.
The wight barely misses you. You furiously retaliate!
You headbutt the wight, but do no damage.
The wight hits you but does no damage. The wight hits you with a +2 scimitar.
You feel drained.
An adder comes into view.
The adder hisses angrily.
You hit the wight but do no damage.
The wight is almost destroyed.
The wight hits you but does no damage. The wight barely misses you.
Unknown command.
You slash the wight!
You destroy the wight!
The wight hits you from afar with a +0 spear.
You feel drained.
Unknown command.
You hit the wight but do no damage. You headbutt the wight.
The wight is moderately damaged.
The wight hits you but does no damage. The wight hits you with a +5 battleaxe.
The wight barely misses you. The wight hits you with a +5 battleaxe!
* * * LOW HITPOINT WARNING * * *
You block the wight's attack.
Unknown command.
You closely miss the wight.
The wight is moderately damaged.
You block the wight's attack.
The wight hits you but does no damage. x2
Unknown command.
You slash the wight!
The wight is almost destroyed.
The wight hits you from afar with a +4 halberd!
You die...

#.#..#..#....
#..........#
#.)#......#
#..<......#
#.).....(.#
#..)......#
#.........# .
#......!.#######....
#...>.......@zz.......
#..........###z..#....
#..........# #....# #
#..........# #.......
####.......# ##.|.....
##....### .......
#.... ....... #....
.......


You could see 3 wights.

Vanquished Creatures
  Sigmund (D:2)
  2 centaurs (D:5)
  A water moccasin skeleton (D:5)
  2 wights (D:6)
  An orc priest (D:5)
  A jelly (D:5)
  3 orc wizards (D:5)
  2 iguanas (D:5)
  A hound skeleton (D:5)
  A gnoll (D:5)
  A howler monkey skeleton (D:4)
  10 adders
  A white imp (D:3)
  An adder zombie (D:5)
  3 dart slugs
  11 orcs
  5 ball pythons
  8 bats
  11 endoplasms
  2 giant cockroaches (D:4)
  7 goblins
  7 hobgoblins
  2 jackals (D:4)
  2 quokkas
  5 frilled lizards
  A goblin skeleton (D:3)
  2 goblin zombies (D:3)
  A hobgoblin zombie (D:3)
  4 kobolds
  2 kobold skeletons (D:3)
  2 kobold zombies (D:3)
  2 orc skeletons (D:3)
  An orc zombie (D:3)
  3 rats
109 creatures vanquished.

Vanquished Creatures (others)
  A plant (D:1)
1 creature vanquished.

Grand Total: 110 creatures vanquished

Notes
Turn   | Place    | Note
-------+----------+-------------------------------------------
     0 | D:1      | Peloso the Minotaur Fighter began the quest for the Orb.
     0 | D:1      | Reached XP level 1. HP: 19/19 MP: 0/0
   205 | D:1      | Reached XP level 2. HP: 24/27 MP: 1/1
   369 | D:1      | Found a faded altar of an unknown god.
   751 | D:2      | Reached XP level 3. HP: 31/33 MP: 2/2
   766 | D:2      | Found a shimmering altar of Xom.
  1011 | D:2      | Reached skill level 3 in Long Blades
  1282 | D:2      | Noticed Sigmund
  1530 | D:2      | Killed Sigmund
  1531 | D:2      | Reached skill level 4 in Long Blades
  1531 | D:2      | Reached skill level 1 in Dodging
  1531 | D:2      | Reached XP level 4. HP: 29/41 MP: 3/3
  1531 | D:2      | Reached XP level 5. HP: 34/47 MP: 4/4
  1636 | D:2      | Found a runed translucent door.
  1637 | D:2      | Noticed Crazy Yiuf
  1715 | D:3      | Reached skill level 5 in Armour
  1744 | D:3      | Found a glowing golden altar of the Shining One.
  1907 | D:3      | Found an ancient bone altar of Kikubaaqudgha.
  2160 | D:3      | Reached XP level 6. HP: 53/53 MP: 5/5
  2236 | D:3      | Identified the ring of Wuhor {Fly rCorr Dex+4}
  2424 | D:4      | Found Cek Beom's Magic Scroll Shoppe.
  2789 | D:4      | Found Nieme's Antique Weapon Emporium.
  3054 | D:5      | Entered Level 5 of the Dungeon
  3139 | D:5      | Found Waakhlawa's Armour Emporium.
  3201 | D:5      | Reached skill level 5 in Long Blades
  3236 | D:5      | Reached skill level 5 in Shields
  3377 | D:5      | Found a shimmering blue altar of Sif Muna.
  3450 | D:5      | Reached XP level 7. HP: 57/60 MP: 6/6
  3468 | D:5      | Reached skill level 6 in Long Blades
  4100 | D:5      | Reached skill level 5 in Fighting
  4353 | D:6      | Reached skill level 7 in Long Blades
  4364 | D:6      | Slain by a wight

Illustrated notes

Levels and vault maps discovered:
D:1:      ebering_hopf_link, layout_basic,
          shapermc_ecumenical_altar_mp_urbaneastern
D:2:      layout_rooms, basic_altar, uniq_sigmund, uniq_crazy_yiuf_cottage
D:3:      layout_loops_ring, kiku_gazebo_garden_becter,
          nicolae_tso_besieged_by_evil
D:4:      layout_loops_cross, serial_shops, nicolae_stop_n_shop_1,
          nicolae_take_the_stairs
D:5:      layout_loops_corners, general_overflow_altar, serial_shops,
          kennysheep_mini, minmay_manual_mess
D:6:      layout_basic, nzn_wu_jian_council_hall,
          chequers_temple_overflow_minitemple, minmay_temple_entry_mini_moons

Skill      XL: |  1  2  3  4  5  6  7 |
---------------+----------------------+-----
Fighting       | 4 5 |  5.1
Shields        | 4 5 |  5.5
Armour         | 4 5 6 |  6.3
Long Blades    | 4 5 7 |  7.1
Dodging        | 1 |  1.5
Stealth        | |  0.3

Action                   |  1- 3 |  4- 6 |  7- 9 || total
-------------------------+-------+-------+-------++-------
Melee: Long sword        |    90 |   111 |    62 ||   263
       Headbutt          |    10 |    16 |    14 ||    40
  Use: Scroll            |       |       |     3 ||     3
Armor: Scale mail        |    57 |    31 |       ||    88
       Chain mail        |       |     6 |    37 ||    43
Dodge: Dodged            |    47 |    44 |    15 ||   106
Block: Buckler           |    31 |    28 |    15 ||    74
